 Dungeon Crawl Stone Soup version 0.20.1-1-g8b1a95d (webtiles) character file.

3700 Jannitor the Geomancer (level 9, -3/60 HPs)
             Began as a Demonspawn Earth Elementalist on Oct 13, 2017.
             Was a Priest of Hepliaklqana.
             Slain by a sixfirhy (10 damage)
             ... on level 8 of the Dungeon.
             The game lasted 00:22:56 (10228 turns).

Jannitor the Geomancer (DsEE)                      Turns: 10228, Time: 00:22:59

Health: -3/60      AC:  7    Str:  8    XL:     9   Next: 91%
Magic:  13/13      EV: 12    Int: 19    God:    Hepliaklqana [***...]
Gold:   252        SH:  0    Dex: 15    Spells: 2/13 levels left

rFire    + . .     SeeInvis .   i - +2 dagger (elec)
rCold    + + +     Gourm    .   (no shield)
rNeg     . . .     Faith    .   H - +2 robe "Ollat" {rC++ Dex+2}
rPois    .         Spirit   .   (helmet restricted)
rElec    .         Reflect  .   (no cloak)
rCorr    .         Harm     .   (no gloves)
MR       .....     Rnd*Tele +   (no boots)
Stlth    +++.......             (no amulet)
Regen    0.2/turn               (no ring)
MPRegen  0.2/turn               (no ring)

@: no status effects
A: reduced essence, claws 1, horns 1, rugged brown scales 2, cold resistance 2,
fire resistance 1, powered by death 1, shaggy fur 1, spiny 1, teleportitis 1,
weak 1, wild magic 1
a: Recall Ancestor, Ancestor Identity, Transference, Renounce Religion


You were on level 8 of the Dungeon.
You worshipped Hepliaklqana.
Hepliaklqana was most pleased with you.
You were hungry.

You visited 1 branch of the dungeon, and saw 8 of its levels.

You collected 354 gold pieces.
You spent 102 gold pieces at shops.

Inventory:

Hand Weapons
 i - a +2 dagger of electrocution (weapon)
 j - a +0 short sword
 w - the +0 short sword of Bodily Harmony {pierce, Int+3}
   (You found it on level 5 of the Dungeon)

   It inflicts extra damage upon your enemies.
   It affects your intelligence (+3).
 C - a +0 dagger of venom
Missiles
 b - 173 stones (quivered)
Armour
 c - a +2 robe of cold resistance
 o - a +3 leather armour
 z - a +2 robe
 H - the +2 robe "Ollat" (worn) {rC++ Dex+2}
   (You found it on level 8 of the Dungeon)

   It affects your dexterity (+2).
   It greatly protects you from cold.
Jewellery
 t - a cursed ring of loudness {unknown}
Wands
 p - a wand of digging (22/24)
 E - a wand of random effects (10/48)
Scrolls
 a - 5 scrolls of identify
 f - a scroll of fog
 g - 2 scrolls of recharging
 q - a scroll of enchant weapon
 s - 2 scrolls of amnesia
 u - a scroll of magic mapping
 y - a scroll of remove curse
 D - 2 scrolls of teleportation
 F - a scroll of enchant armour
Potions
 h - a potion of degeneration {unknown}
 m - a potion of ambrosia {unknown}
 r - 2 potions of lignification {unknown}
 v - 2 potions of curing {unknown}
 x - a potion of brilliance {unknown}
 B - a potion of magic {unknown}
Books
 e - a book of Geomancy

   Spells                             Type                      Level
   a - Sandblast                      Earth                        1
   b - Passwall                       Transmutation/Earth          2
   c - Stone Arrow                    Conjuration/Earth            3
   d - Petrify                        Transmutation/Earth          4
   e - Lee's Rapid Deconstruction     Earth                        5
 n - a book of Necromancy

   Spells                             Type                      Level
   a - Pain                           Necromancy                   1
   b - Animate Skeleton               Necromancy                   1
   c - Vampiric Draining              Necromancy                   3
   d - Regeneration                   Charms/Necromancy            3
   e - Animate Dead                   Necromancy                   4
   f - Control Undead                 Necromancy                   4
 G - a Young Poisoner's Handbook

   Spells                             Type                      Level
   a - Sting                          Conjuration/Poison           1
   b - Poisonous Vapours              Poison/Air                   2
   c - Mephitic Cloud                 Conjuration/Poison/Air       3
   d - Olgreb's Toxic Radiance        Poison                       4
   e - Venom Bolt                     Conjuration/Poison           5
Comestibles
 d - 4 bread rations
 k - a meat ration
 l - 5 royal jellies
 A - 2 fruits


   Skills:
 + Level 3.6 Fighting
 + Level 4.7 Short Blades
 - Level 1.7 Dodging
 + Level 6.2 Stealth
 + Level 2.7 Spellcasting
 - Level 3.6 Conjurations
 + Level 3.4 Necromancy
 + Level 3.5 Transmutations
 + Level 8.4 Earth Magic


You had 2 spell levels left.
You knew the following spells:

 Your Spells              Type           Power        Failure   Level  Hunger
a - Sandblast             Erth           #####.       1%          1    None
b - Passwall              Tmut/Erth      ####......   3%          2    ##.....
c - Stone Arrow           Conj/Erth      ####..       7%          3    ###....
d - Petrify               Tmut/Erth      ####....     19%         4    ####...
e - Animate Skeleton      Necr           N/A          6%          1    None


Dungeon Overview and Level Annotations

Branches:
Dungeon (8/15)             Temple (0/1) D:6
   Lair: D:8-11

Altars:
Cheibriados
Dithmenos
Fedhas
Gozag
Hepliaklqana
Kikubaaqudgha
Nemelex Xobeh
Qazlal
Uskayaw
Yredelemnul
Zin

Shops:
D:4 *   D:5 *%   D:6 [

Annotations:
D:3 Pikel
D:4 1 runed door


Innate Abilities, Weirdness & Mutations

You have sharp fingernails.
You are mostly covered in rugged brown scales. (AC +2, +5% HP)
You regenerate a little health from kills.
You are partially covered in sharp spines.
Your life essence is reduced to manifest your ancestor. (-10% HP)
You have a pair of small horns on your head.
Your flesh is very cold resistant. (rC++)
Your flesh is heat resistant. (rF+)
You are covered in fur. (AC +1)
You are occasionally teleported next to monsters.
You are weak. (Str -2)
Your spells are a little harder to cast, but a little more powerful.


Message History

You continue taking off your +2 robe of cold resistance. x4
You finish taking off your +2 robe of cold resistance.
You feel less resistant to cold.
You start putting on your armour.
You continue putting on the +2 robe "Ollat" {rC++ Dex+2}. x5
You finish putting on the +2 robe "Ollat" {rC++ Dex+2}.
Unknown command.
You swap places.
Found a runed door.
You open the door. The sixfirhy hits you! The sixfirhy shocks you!
There is an open door, spattered with blood here.
You barely miss the sixfirhy.
You headbutt the sixfirhy, but do no damage.
The sixfirhy hits you. The sixfirhy shocks you!
* * * LOW HITPOINT WARNING * * *
The sixfirhy hits you!
* * * LOW HITPOINT WARNING * * *
The sixfirhy shocks you!
You die...

####### ###...R.#
......#@#.#
#####.#3#.# #.###.#
#.....# ###.### # #.#
##.## #.# ....#
###.#####
....##########.......#


You could see the friendly Marduk-asir the hexer and a sixfirhy.

Vanquished Creatures
  The ghost of toffzen the Transmogrifier, a novice DrTm of Okawaru (D:6)
  The ghost of Rjadawoj the Basher, a novice MiBe of Trog (D:5)
  The ghost of bionis the Shield-Bearer, an amateur HOFi (D:4)
  Sigmund (D:2)
  An orc warrior (D:7)
  3 slaves (D:4)
  An ice beast (D:5)
  2 sky beasts
  An ogre (D:4)
  A phantom (D:4)
  6 centaurs
  2 bullfrogs
  A wyvern zombie (D:8)
  A scorpion (D:6)
  2 howler monkeys (D:8)
  A centaur zombie (D:6)
  2 crimson imps
  2 hounds
  A jelly (D:7)
  6 orc priests
  7 orc wizards
  Ijyb (D:4)
  6 worker ants
  A worker ant zombie (D:7)
  6 gnolls
  11 adders
  A shadow imp (D:6)
  An ooze (D:3)
  An adder zombie (D:5)
  An adder skeleton (D:6)
  A worm (D:2)
  2 dart slugs
  3 leopard geckos
  26 orcs
  5 giant cockroaches
  10 goblins
  8 hobgoblins
  18 jackals
  2 quokkas
  2 ball pythons (D:1)
  7 bats
  6 frilled lizards
  A jackal skeleton (D:6)
  8 kobolds
  A leopard gecko skeleton (D:4)
  12 rats
  A fungus (D:7)
186 creatures vanquished.

Vanquished Creatures (collateral kills)
  A bullfrog (D:6)
  Blork the orc (D:4)
  An orc priest (D:3)
  A centaur skeleton (D:4)
  An orc wizard (D:7)
  2 gnolls
  A worm (D:2)
  4 orcs
  A hobgoblin (D:4)
  A jackal (D:8)
  A frilled lizard (D:1)
  A kobold (D:1)
  A fungus (D:7)
17 creatures vanquished.

Vanquished Creatures (others)
  A human (D:2)
  2 hexers
  2 ancestors
5 creatures vanquished.

Grand Total: 208 creatures vanquished

Notes
Turn   | Place    | Note
-------+----------+-------------------------------------------
     0 | D:1      | Jannitor the Demonspawn Earth Elementalist began the quest for the Orb.
     0 | D:1      | Reached XP level 1. HP: 13/13 MP: 3/3
   396 | D:1      | Reached skill level 3 in Earth Magic
   500 | D:1      | Gained mutation: You regenerate a little health from kills. [demonic ancestry]
   500 | D:1      | Reached XP level 2. HP: 19/19 MP: 3/5
  1423 | D:1      | Gained mutation: You are partially covered in rugged brown scales. (AC +1, +3% HP) [demonic ancestry]
  1423 | D:1      | Reached XP level 3. HP: 19/24 MP: 6/6
  1528 | D:2      | Found an ancient bone altar of Kikubaaqudgha.
  1528 | D:2      | Noticed a human
  1532 | D:2      | Killed a human
  1815 | D:2      | Learned a level 2 spell: Passwall
  1896 | D:2      | Found a sparkling altar of Nemelex Xobeh.
  1924 | D:2      | Found a faded altar of an unknown god.
  1936 | D:2      | Reached skill level 4 in Earth Magic
  1982 | D:2      | Became a worshipper of Hepliaklqana the Forgotten
  1982 | D:2      | Reached * piety under Hepliaklqana
  1991 | D:2      | Noticed Sigmund
  2691 | D:3      | Gained mutation: You have sharp fingernails. [demonic ancestry]
  2691 | D:3      | Reached XP level 4. HP: 27/27 MP: 7/7
  3007 | D:3      | HP: 1/27 [orc priest/divine providence (7)]
  3022 | D:3      | Reached skill level 1 in Short Blades
  3074 | D:3      | Gained mutation: You are mostly covered in rugged brown scales. (AC +2, +5% HP) [demonic ancestry]
  3074 | D:3      | Reached XP level 5. HP: 26/33 MP: 3/8
  3463 | D:3      | Learned a level 3 spell: Stone Arrow
  3589 | D:3      | Found a shadowy altar of Dithmenos.
  4228 | D:4      | Reached skill level 5 in Earth Magic
  4242 | D:4      | Reached XP level 6. HP: 38/38 MP: 4/9
  4408 | D:4      | Reached ** piety under Hepliaklqana
  4409 | D:4      | Remembered your ancestor Marduk-asir as a hexer
  4477 | D:4      | Found a snail-covered altar of Cheibriados.
  4477 | D:4      | Found a blossoming altar of Fedhas.
  4478 | D:4      | Noticed Ijyb
  4486 | D:4      | Killed Ijyb
  4486 | D:4      | Reached skill level 1 in Conjurations
  4505 | D:4      | Noticed a slave
  4506 | D:4      | Noticed Pikel
  4508 | D:4      | Noticed a slave
  4508 | D:4      | Noticed a slave
  4509 | D:4      | Noticed a slave
  4969 | D:3      | Gained mutation: Your muscles are strong. (Str +2) [potion of mutation]
  4969 | D:3      | Gained mutation: You are completely covered in rugged brown scales. (AC +3, +7% HP) [potion of mutation]
  4969 | D:3      | Gained mutation: You evolve. [potion of mutation]
  4969 | D:3      | Gained mutation: Your spells are a little harder to cast, but a little more powerful. [potion of mutation]
  5510 | D:2      | Killed Sigmund
  5721 | D:4      | Noticed Blork the orc
  5729 | D:4      | Killed Blork the orc
  5729 | D:4      | Gained mutation: You are partially covered in sharp spines. [demonic ancestry]
  5729 | D:4      | Reached XP level 7. HP: 40/44 MP: 5/10
  5735 | D:4      | Lost mutation: You evolve. [end of evolution]
  5800 | D:4      | Found Coolaj's Assorted Antiques.
  5803 | D:4      | Bought a scroll labeled KOIGI AKES for 18 gold pieces
  5803 | D:4      | Bought a scroll labeled PARAT ICECRI for 18 gold pieces
  5803 | D:4      | Bought a runed robe for 66 gold pieces
  5855 | D:4      | Noticed bionis's ghost (amateur HOFi)
  6154 | D:4      | Reached skill level 6 in Earth Magic
  6226 | D:4      | Found a runed door.
  6264 | D:4      | Killed bionis's ghost
  6264 | D:4      | Reached XP level 8. HP: 36/50 MP: 9/11
  6686 | D:4      | Learned a level 4 spell: Petrify
  6822 | D:5      | Entered Level 5 of the Dungeon
  6844 | D:5      | Found Zin's Purification Station.
  6845 | D:5      | Found Poigg's Food Shoppe.
  6863 | D:5      | Found a glowing silver altar of Zin.
  6893 | D:5      | Reached skill level 1 in Transmutations
  6903 | D:5      | Reached skill level 7 in Earth Magic
  6929 | D:5      | Reached skill level 5 in Stealth
  6932 | D:5      | Reached skill level 1 in Fighting
  6956 | D:5      | Noticed Rjadawoj's ghost (novice MiBe)
  6982 | D:5      | Killed Rjadawoj's ghost
  7182 | D:5      | Learned a level 1 spell: Animate Skeleton
  7347 | D:5      | Got an encrusted short sword
  7348 | D:5      | Identified the cursed +0 short sword of Bodily Harmony {pierce, Int+3} (You found it on level 5 of the Dungeon)
  7629 | D:5      | Gained mutation: You are occasionally teleported next to monsters. [mutagenic meat]
  7652 | D:6      | Lost mutation: Your muscles are strong. (Str +2) [potion of mutation]
  7652 | D:6      | Lost mutation: You are occasionally teleported next to monsters. [potion of mutation]
  7652 | D:6      | Lost mutation: You are completely covered in rugged brown scales. (AC +3, +7% HP) [potion of mutation]
  7652 | D:6      | Gained mutation: You have a pair of small horns on your head. [potion of mutation]
  7652 | D:6      | Gained mutation: You are covered in fur. (AC +1) [potion of mutation]
  7652 | D:6      | Gained mutation: You are weak. (Str -2) [potion of mutation]
  7652 | D:6      | Gained mutation: Your flesh is cold resistant. (rC+) [potion of mutation]
  7673 | D:6      | Reached XP level 9. HP: 57/57 MP: 7/12
  7767 | D:6      | Reached skill level 1 in Necromancy
  7779 | D:6      | Found Yrphee's Armour Boutique.
  7782 | D:6      | Gained mutation: You are occasionally teleported next to monsters. [mutagenic meat]
  7783 | D:6      | Gained mutation: Your flesh is very cold resistant. (rC++) [mutagenic meat]
  7784 | D:6      | Gained mutation: Your flesh is heat resistant. (rF+) [mutagenic meat]
  7812 | D:6      | Found a staircase to the Ecumenical Temple.
  7821 | D:6      | Noticed toffzen's ghost (novice DrTm)
  7823 | D:6      | Reached *** piety under Hepliaklqana
  7837 | D:6      | Killed toffzen's ghost
  7837 | D:6      | Reached skill level 8 in Earth Magic
  8023 | D:6      | Found a hide-covered altar of Uskayaw.
  8367 | D:6      | Found an opulent altar of Gozag.
  8687 | D:7      | Found a stormy altar of Qazlal.
  9640 | D:7      | Found a hazy altar of Hepliaklqana.
 10049 | D:7      | Found a basalt altar of Yredelemnul.
 10200 | D:8      | Noticed a sixfirhy
 10201 | D:8      | Got a dull robe
 10202 | D:8      | Identified the +2 robe "Ollat" {rC++ Dex+2} (You found it on level 8 of the Dungeon)
 10215 | D:8      | Found a runed door.
 10228 | D:8      | Slain by a sixfirhy

Skill      XL: |  1  2  3  4  5  6  7  8  9 |
---------------+----------------------------+-----
Earth Magic    | 3 4 5 6 7 8 |  8.4
Stealth        | 2 3 4 5 6 |  6.2
Short Blades   | 1 2 3 4 |  4.7
Conjurations   | 2 3 |  3.6
Transmutations | 2 3 |  3.5
Fighting       | 2 3 |  3.6
Necromancy     | 3 |  3.4
Dodging        | |  1.7
Spellcasting   | |  2.7

Action                   |  1- 3 |  4- 6 |  7- 9 || total
-------------------------+-------+-------+-------++-------
Melee: Unarmed           |    16 |       |       ||    16
       Short sword       |   111 |   105 |       ||   216
       Dagger            |       |    66 |   198 ||   264
       Headbutt          |       |       |    17 ||    17
 Cast: Sandblast         |    37 |    42 |    48 ||   127
       Passwall          |       |     1 |     6 ||     7
       Animate Skeleton  |       |       |    10 ||    10
       Petrify           |       |       |     2 ||     2
Invok: Recall Ancestor   |     1 |     2 |     1 ||     4
       Ancestor Life: He |       |     1 |       ||     1
  Use: Potion            |       |     4 |     1 ||     5
       Scroll            |       |       |    13 ||    13
 Stab: Sleeping          |     2 |     1 |    11 ||    14
       Distracted        |     1 |       |     1 ||     2
       Petrified         |       |       |     3 ||     3
  Eat: Chunk             |     6 |     6 |    21 ||    33
       Bread ration      |       |     1 |       ||     1
Armor: Robe              |    32 |    20 |    28 ||    80
       Leather armour    |       |    19 |    18 ||    37
Dodge: Dodged            |   130 |   112 |    84 ||   326
